 Dungeon Crawl Stone Soup version 0.29-a0-648-g6b26cc9f40 (webtiles) character file.

Game seed: 1045380199596759809

1787 zeratav the Archer (level 8, -15/39 HPs)
             Began as a Spriggan Arcane Marksman on June 20, 2022.
             Killed from afar by a steam dragon (17 damage)
             ... with a ball of steam
             ... on level 5 of the Dungeon.
             The game lasted 00:15:58 (6973 turns).

zeratav the Archer (Spriggan Arcane Marksman)       Turns: 6973, Time: 00:15:58

Health: -15/39     AC:  3    Str:  6    XL:     8   Next: 82%
Magic:  11/11      EV: 20    Int: 15    God:
Gold:   358        SH:  0    Dex: 17    Spells: 8/9 levels left

rFire   . . .      SeeInvis +   a - +0 shortbow {bow}
rCold   . . .      Faith    .   (shield currently unavailable)
rNeg    . . .      Spirit   .   B - +1 robe
rPois   .          Reflect  .   (helmet restricted)
rElec   .          Harm     .   (no cloak)
rCorr   .          Rampage  .   (gloves unavailable)
Will    +....                   (boots unavailable)
Stlth   +++.......              q - amulet of the acrobat
HPRegen 0.13/turn               (no ring)
MPRegen 0.12/turn               (no ring)

@: very quick
A: very small, no large weapons, unfitting armour, see invisible, speed 3
a: no special abilities


You were on level 5 of the Dungeon.
You visited 1 branch of the dungeon, and saw 6 of its levels.
You also visited: Ossuary.

You collected 358 gold pieces.


Innate Abilities, Weirdness & Mutations

You are very small and have problems with some larger weapons.
You are too small for most types of armour.
You have supernaturally acute eyesight. (SInv)
You cover ground extremely quickly. (Speed+++)


   Skills:
 + Level 2.8 Fighting
 + Level 11.3 Bows
 + Level 6.4 Dodging
 - Level 5.0 Stealth
 - Level 1.3 Spellcasting
 - Level 3.6 Hexes


You had 8 spell levels left.
You knew the following spells:

 Your Spells              Type           Power      Damage    Failure   Level
a - Slow                  Hex            44%        N/A       5%          1

Your spell library contained the following spells:

 Spells                   Type           Power      Damage    Failure   Level
 Shock                    Conj/Air       4%         1d3       24%         1
 Summon Small Mammal      Summ           4%         N/A       24%         1
 Inner Flame              Hex/Fire       6%         N/A       34%         3
 Portal Projectile        Hex/Tloc       12%        N/A       34%         3
 Summon Guardian Golem    Hex/Summ       6%         N/A       34%         3
 Cause Fear               Hex            5%         N/A       47%         4
 Call Canine Familiar     Summ           1%         N/A       56%         3
 Swiftness                Air            1%         N/A       56%         3
 Airstrike                Air            0%         N/A       93%         4
 Chain Lightning          Conj/Air       0%         2d1       100%        9
 Fire Storm               Conj/Fire      0%         6d1       100%        9
 Shatter                  Erth           0%         3d5*      100%        9

Inventory:

Hand Weapons
 a - a +0 shortbow (weapon) {bow}
 v - the +3 rapier of Subterfuge {venom, rElec Int+3, short}
   (You found it on level 4 of the Dungeon)

   It poisons the flesh of those it strikes.
   Int:       It affects your intelligence (+3).
   rElec:     It insulates you from electricity.
Armour
 B - a +1 robe (worn)
   (You took it off Blork the orc on level 6 of the Dungeon)
 C - +0 swamp dragon scales
   (You took it off Maggie on level 6 of the Dungeon)
Jewellery
 q - an amulet of the acrobat (around neck)
   (You found it on level 3 of the Dungeon)
Wands
 s - a wand of iceblast (11)
   (You found it on level 3 of the Dungeon)
 t - a wand of mindburst (16)
   (You found it on level 4 of the Dungeon)
Scrolls
 b - a scroll of enchant weapon {unknown}
 c - a scroll of vulnerability {!r!r}
 d - 3 scrolls of fog
 f - 5 scrolls of teleportation {@r4}
 h - 4 scrolls of amnesia
 j - 2 scrolls of immolation {!r!r}
 k - 2 scrolls of poison {unknown}
 l - a scroll of torment {!r}
 r - 2 scrolls of silence {unknown}
 x - a scroll of magic mapping {!r}
 z - a scroll of blinking {unknown}
Potions
 e - 6 potions of lignification {unknown}
 g - a potion of heal wounds {unknown}
 i - 2 potions of curing {unknown}
 m - 2 potions of haste {unknown}
 n - a potion of berserk rage {unknown}
 o - a potion of invisibility {unknown}
 p - 2 potions of flight {unknown}
 u - 3 potions of attraction {unknown}
 w - 2 potions of degeneration {unknown}
 A - a potion of might {unknown}

Dungeon Overview and Level Annotations

Branches:
Dungeon (6/15) Zot: 25479 Ossuary (visited)
 Temple: D:4-7

Altars:
Ashenzari
Sif Muna
Zin

Shops:
D:4

( .....(.............##.....# ##
#.........................# #
.............#............# ###
.............##..#...###..# ##..
.............#........§...# #....
..<...###..#..#.....#####D##....#
##.....##.##..###...W.# #.#....##
#......#.......#....#r###D..!.# #
..........###...@§§...D#...).####
#......#### ####....s#...........
..... ##....#..##....... ..#.
##...).###.#####$ . . ##...## ..
#.. .. ...### #....#) ...##
$..... ... #... .. .. #.##...


You could see a friendly phantom (summoned) and a friendly scorpion (summoned).


Message History

The arrow hits the necrophage but does no damage.
The necrophage completely misses you.
You shoot an arrow. The arrow hits the necrophage!
You destroy the necrophage!
No target in view!
w - 2 bubbling clear potions (gained 1) HP[+1]
Things that are here:
a necrophage corpse; a water moccasin corpse HP[+4]
Your hp is fully restored (39).
An iguana comes into view.
An iguana is nearby!
You shoot an arrow. The arrow hits the iguana!
The iguana hisses angrily.
You shoot an arrow. The arrow hits the iguana!
You kill the iguana!
No target in view!
No target in view!
Found a stone staircase leading up.
h - 4 scrolls of amnesia (gained 1)
You see here 5 stones {throwing}.
A steam dragon comes into view.
You shoot an arrow. The steam dragon hisses angrily.
The arrow hits the steam dragon.
You shoot an arrow.
The arrow barely misses the steam dragon.
You shoot an arrow. The arrow hits the steam dragon.
You shoot an arrow. The arrow hits the steam dragon.
The steam dragon breathes steam at you. The ball of steam hits you!
You hear a bark! x2
HP[-15]
You take 15 damage, and now have 24/39 hp.
MASSIVE DAMAGE!! (PAUSE)
You are too injured to fight recklessly!
The steam dragon misses you. The steam dragon completely misses you.
Shoot: a) +0 shortbow {bow}
Press: ? - help, Q - select action, (/) - cycle Shift-Dir - straight line, f/p - steam dragon
Aim: a steam dragon (moderately wounded, catching its breath, 66% to hit)
You shoot an arrow. The arrow hits the steam dragon!
The steam dragon completely misses you. The steam dragon misses you.
Shoot: a) +0 shortbow {bow}
Press: ? - help, Q - select action, (/) - cycle Shift-Dir - straight line, f/p - steam dragon
Aim: a steam dragon (heavily wounded, catching its breath, 66% to hit)
You shoot an arrow.
The arrow hits the steam dragon but does no damage.
The steam dragon bites you!
* * * LOW HITPOINT WARNING * * *
The steam dragon claws you.
* * * LOW HITPOINT WARNING * * *
HP[-10]
You take 10 damage, and now have 14/39 hp.
MASSIVE DAMAGE!! (PAUSE) Shoot: a) +0 shortbow {bow}
Press: ? - help, Q - select action, (/) - cycle Shift-Dir - straight line, f/p - steam dragon
Aim: a steam dragon (heavily wounded, 66% to hit)
You shoot an arrow.
The arrow hits the steam dragon but does no damage.
The steam dragon completely misses you. The steam dragon misses you.
Shoot: a) +0 shortbow {bow}
Press: ? - help, Q - select action, (/) - cycle Shift-Dir - straight line, f/p - steam dragon
Aim: a steam dragon (heavily wounded, 66% to hit)
You shoot an arrow.
The arrow hits the steam dragon but does no damage.
The steam dragon bites you!
* * * LOW HITPOINT WARNING * * *
The steam dragon claws you.
* * * LOW HITPOINT WARNING * * *
HP[-11]
You take 11 damage, and now have 3/39 hp.
MASSIVE DAMAGE!! (PAUSE) HP[+1]
The steam dragon breathes steam at you. The ball of steam misses you.
You are engulfed in a cloud of scalding steam.
* * * LOW HITPOINT WARNING * * *
HP[-3]
You take 3 damage, and now have 1/39 hp.
As you read the scroll of summoning, it crumbles to dust.
Wisps of shadow whirl around you...
Your phantom is engulfed in a cloud of scalding steam.
What are your orders? t - Shout!
Orders for allies: a - Attack new target. p - Attack previous target. r - Retreat! s - Stop attacking. g - Guard the area. f - Follow me.
Anything else - Cancel.
Gang up on whom?
Press: ? - help, Dir - move target, f/p - steam dragon
Aim: a steam dragon (heavily wounded, ally target) Attack!
Your quokka barely misses the steam dragon.
The steam dragon breathes steam at you. The ball of steam hits your quokka!!
Your quokka dies!
Your quokka's corpse dissolves into shadows!
The ball of steam hits you!
You die...

Skill      XL: |  1  2  3  4  5  6  7  8 |
---------------+-------------------------+-----
Stealth        | 2 4 5 |  5.0
Bows           | 3 5 6 8 10 11 | 11.3
Dodging        | 3 6 |  6.4
Fighting       | 2 |  2.8
Spellcasting   | |  1.3
Hexes          | |  3.6

Action                   |  1- 3 |  4- 6 |  7- 9 || total
-------------------------+-------+-------+-------++-------
Melee: Rapier            |       |    20 |    14 ||    34
 Fire: Shortbow          |   159 |   100 |   295 ||   554
 Cast: Slow              |     7 |    14 |     6 ||    27
Evoke: Wand              |       |       |     4 ||     4
  Use: Scroll            |       |       |     8 ||     8
Armor: Robe              |     7 |     5 |     9 ||    21
Dodge: Dodged            |    86 |    44 |   134 ||   264

Levels and vault maps discovered:
D:1:      minmay_arrival_up_and_down, layout_loops_ring, minmay_pentomino_t4
D:2:      layout_basic, shapermc_ecumenical_altar_venn
D:3:      layout_loops_ring, ashenzari_conservatory_becter
D:4:      layout_basic, serial_shops, shop_fountains, kennysheep_diamond
D:5:      layout_cave_pools, mainiacjoe_overflow_catch_the_wave,
          minmay_temple_entry_stoned_glass
D:6:      layout_basic, nicolae_overflow_hidden_temple, enter_ossuary_5,
          chequers_serial_rivers_room_a, uniq_maggie, uniq_menkaure,
          uniq_blork_the_orc

Notes
Turn   | Place    | Note
-------+----------+-------------------------------------------
     0 | D:1      | zeratav the Spriggan Arcane Marksman began the quest for
                  | the Orb.
     0 | D:1      | Reached XP level 1. HP: 9/9 MP: 3/3
     0 | D:1      | magus.rc [v1.9.6]
    23 | D:1      | Reached skill level 1 in Stealth
    47 | D:1      | Reached skill level 2 in Stealth
    62 | D:1      | HP: 2/9 [jackal (1)]
    66 | D:1      | Reached XP level 2. HP: 4/14 MP: 3/5
    67 | D:1      | Reached skill level 3 in Stealth
   672 | D:1      | Reached skill level 4 in Stealth
   902 | D:1      | Reached XP level 3. HP: 17/17 MP: 6/6
  1128 | D:2      | You pick up a book of Annihilations and begin reading...
  1128 | D:2      | You add the spells Chain Lightning, Fire Storm and Shatter
                  | to your library.
  1131 | D:2      | Found a faded altar of an unknown god.
  1291 | D:2      | Reached skill level 5 in Stealth
  1294 | D:2      | HP: 4/17 [jackal (1)]
  1295 | D:2      | HP: 1/17 [jackal (3)]
  1747 | D:2      | Reached skill level 3 in Bows
  2421 | D:3      | Reached XP level 4. HP: 20/21 MP: 7/7
  2509 | D:3      | Found a broken altar of Ashenzari.
  2739 | D:4      | Reached skill level 4 in Bows
  2812 | D:4      | Found Jaoky's Antique Weapon Shop.
  2818 | D:4      | Identified the +3 rapier of Subterfuge {venom, rElec Int+3}
  2884 | D:4      | Found a shimmering blue altar of Sif Muna.
  2959 | D:4      | HP: 2/21 [iguana (9)]
  3261 | D:4      | You pick up a book of Callings and begin reading...
  3261 | D:4      | You add the spells Summon Small Mammal, Call Canine
                  | Familiar and Summon Guardian Golem to your library.
  3453 | D:4      | Noticed a phantom
  3462 | D:4      | Reached skill level 5 in Bows
  3462 | D:4      | Reached XP level 5. HP: 15/25 MP: 8/8
  3574 | D:4      | Killed a phantom
  3575 | D:4      | Reached skill level 6 in Bows
  3774 | D:5      | Entered Level 5 of the Dungeon
  3816 | D:5      | Found a glowing silver altar of Zin.
  3824 | D:5      | Reached XP level 6. HP: 21/29 MP: 9/9
  4008 | D:5      | Noticed an ice beast
  4065 | D:5      | Killed an ice beast
  4066 | D:5      | Reached skill level 7 in Bows
  4121 | D:5      | You fall into a shaft and drop 1 floor!
  4298 | D:6      | Noticed Menkaure
  4313 | D:6      | Killed Menkaure
  4314 | D:6      | Reached skill level 8 in Bows
  4314 | D:6      | Reached XP level 7. HP: 19/32 MP: 10/10
  4329 | D:6      | Noticed Maggie
  4527 | D:6      | HP: 8/32 [Maggie/+0 long sword (4)]
  4530 | D:6      | Killed Maggie
  4531 | D:6      | Reached skill level 9 in Bows
  4640 | D:6      | Found a sand-covered staircase.
  4651 | Ossuary  | Entered an ossuary
  4827 | Ossuary  | Reached skill level 10 in Bows
  4984 | Ossuary  | Reached skill level 3 in Dodging
  5042 | Ossuary  | HP: 7/32 [centaur zombie (2)]
  5130 | Ossuary  | HP: 8/32 [hobgoblin zombie (4)]
  5172 | Ossuary  | Reached XP level 8. HP: 12/37 MP: 11/11
  5192 | Ossuary  | Reached skill level 4 in Dodging
  5639 | D:6      | Reached skill level 1 in Fighting
  6147 | D:6      | Reached skill level 5 in Dodging
  6148 | D:6      | You pick up a book of Air and begin reading...
  6148 | D:6      | You add the spells Shock, Swiftness and Airstrike to your
                  | library.
  6225 | D:6      | Noticed Blork the orc
  6237 | D:6      | Killed Blork the orc
  6521 | D:6      | Reached skill level 2 in Fighting
  6594 | D:6      | Reached skill level 11 in Bows
  6632 | D:6      | Reached skill level 6 in Dodging
  6956 | D:5      | HP: 7/39 [steam dragon (7)]
  6956 | D:5      | HP: 3/39 [steam dragon (4)]
  6965 | D:5      | HP: 1/39 [something] (3)]
  6973 | D:5      | Killed from afar by a steam dragon

Vanquished Creatures
  Maggie (D:6)
  Menkaure (D:6)
  A water moccasin (D:5)
  An ice beast (D:5)
  A phantom (D:4)
  3 elf zombies (Ossuary)
  Blork the orc (D:6)
  A necrophage (D:5)
  2 scorpions (D:6)
  7 hounds
  2 centaur zombies (Ossuary)
  An orc priest (D:6)
  2 orc wizards (D:6)
  4 iguanas
  2 mummies (Ossuary)
  6 adders
  A white imp (D:6)
  An ufetubus (D:6)
  An adder zombie (Ossuary)
  3 worms
  A dart slug (D:2)
  7 orcs
  7 endoplasms
  5 giant cockroaches
  10 goblins
  4 hobgoblins
  10 jackals
  8 kobolds
  4 quokkas
  7 ball pythons
  4 bats
  2 frilled lizards
  2 goblin zombies (Ossuary)
  11 hobgoblin zombies (Ossuary)
  A jackal zombie (Ossuary)
  10 kobold zombies (Ossuary)
  6 orc zombies (Ossuary)
  4 rats
145 creatures vanquished.

Table legend:
 A = Non-vault XP
 B = Vault XP
 C = Vault XP percentage of total XP
 D = Non-vault monster count
 E = Vault monster count
 F = Vault count percentage of total count
                 A         B        C        D         E       F
            +---------+---------+-------+---------+---------+-------
      Total |    1436 |    1118 |  43.8 |      99 |      46 |  31.7
            +---------+---------+-------+---------+---------+-------
        D:1 |      37 |       6 |  14.0 |      23 |       4 |  14.8
        D:2 |      34 |       0 |   0.0 |      18 |       0 |   0.0
        D:3 |      25 |       0 |   0.0 |      12 |       0 |   0.0
        D:4 |     243 |       5 |   2.0 |      16 |       1 |   5.9
        D:5 |     498 |       0 |   0.0 |      10 |       0 |   0.0
        D:6 |     599 |     669 |  52.8 |      20 |       3 |  13.0
    Ossuary |       0 |     438 | 100.0 |       0 |      38 | 100.0
            +---------+---------+-------+---------+---------+-------

Illustrated notes

Table legend:
 A = Kills in this place as a percentage of kills in entire the game.
 B = Kills by you in this place as a percentage of kills by you in the entire game.
 C = Kills by friends in this place as a percentage of kills by friends in the entire game.
 D = Other kills in this place as a percentage of other kills in the entire game.
 E = Experience gained in this place as a percentage of experience gained in the entire game.
 F = Experience gained in this place divided by the number of levels of this place that you have seen.
                   A       B       C       D       E      F
               +-------+-------+-------+-------+-------+----------------------
         Total | 100.0 | 100.0 |   N/A |   N/A | 100.0 | 364.9
       Dungeon |  73.8 |  73.8 |   N/A |   N/A |  82.9 | 352.7
       Ossuary |  26.2 |  26.2 |   N/A |   N/A |  17.1 | 438.0
               +-------+-------+-------+-------+-------+----------------------

Table legend: (Time is in decaauts)
 A = Elapsed time spent in this place.
 B = Non-inter-level travel time spent in this place.
 C = Inter-level travel time spent in this place.
 D = Time resting spent in this place.
 E = Time spent auto-exploring this place.
 F = Levels seen in this place.
 G = Mean time per level.
                   A        B        C        D        E       F      G
               +--------+--------+--------+--------+--------+-----+--------+
         Total |   5507 |   5420 |     87 |   1463 |   2546 |   7 |  786.7 |
       Dungeon |   4756 |   4669 |     87 |   1165 |   2507 |   6 |  792.7 |
       Ossuary |    750 |    750 |      0 |    298 |     39 |   1 |  750.0 |
               +--------+--------+--------+--------+--------+-----+--------+

Top non-repeatable levels by time:
     D:6: 1422 daAuts
     D:4: 885 daAuts
     D:1: 829 daAuts
     D:2: 780 daAuts
 Ossuary: 750 daAuts
     D:3: 462 daAuts
     D:5: 376 daAuts
